 Dungeon Crawl Stone Soup version 0.30-a0-1114-gd936c97349 (webtiles) character file.

Game seed: 4424961556525863848

64 CryoSword the Grave Robber (level 4, -3/27 HPs)
             Began as a Gargoyle Necromancer on Apr 21, 2023.
             Splashed by a jelly's acid (6 damage)
             ... on level 3 of the Dungeon.
             The game lasted 00:02:39 (2624 turns).

CryoSword the Grave Robber (Gargoyle Necromancer)   Turns: 2624, Time: 00:02:39

Health: -3/27      AC: -1    Str: 12    XL:     4   Next: 12%
Magic:  1/7        EV: 11    Int: 17    God:
Gold:   165        SH:  0    Dex: 10    Spells: 3/7 levels left

rFire   . . .      SeeInvis .    s - +0 whip
rCold   . . .      Faith    .    (no shield)
rNeg    + . .      Spirit   .    a - +0 robe
rPois   ∞          Reflect  .    (no helmet)
rElec   +          Rampage  .    (no cloak)
rCorr   .                        (no gloves)
Will    .....                    d - +0 pair of boots
Stlth   ++                       (no amulet)
HPRegen 0.24/turn                (no ring)
MPRegen 0.10/turn                (no ring)

@: corroded, very slightly contaminated
A: sickness immunity, AC +3, negative energy resistance 1, electricity
resistance, torment resistance 1, petrification resistance
a: no special abilities


You were on level 3 of the Dungeon.
You visited 1 branch of the dungeon, and saw 3 of its levels.

You collected 165 gold pieces.

Inventory:

Hand Weapons
 r - a +0 mace
   (You found it on level 2 of the Dungeon)
 s - a +0 whip (weapon)
   (You found it on level 3 of the Dungeon)
Missiles
 f - an atropa-tipped dart (quivered)
Armour
 a - a +0 robe (worn)
 d - a +0 pair of boots (worn)
   (You found it on level 1 of the Dungeon)
 k - a +0 kite shield
   (You found it on level 1 of the Dungeon)
Scrolls
 c - 2 scrolls of identify {unknown}
 e - 2 scrolls of magic mapping {unknown}
 i - a scroll of silence {unknown}
 j - a scroll of enchant armour {unknown}
 l - a scroll of amnesia {unknown}
 n - 5 scrolls of poison {unknown}
 o - a scroll of fog {unknown}
 q - a scroll of immolation {unknown}
Potions
 b - a potion of magic
 g - 3 potions of haste {unknown}
 h - a potion of heal wounds {unknown}
 m - a potion of curing {unknown}
 p - a potion of lignification {unknown}


   Skills:
 + Level 2.3 Fighting
 - Level 1.5 Dodging
 - Level 2.1 Stealth
 + Level 1.5 Shields
 - Level 2.0 Spellcasting
 + Level 3.8 Necromancy


You had 3 spell levels left.
You knew the following spells:

 Your Spells              Type           Power      Damage    Failure   Level
a - Necrotise             Necr           56%        1d6       4%          1
b - Vampiric Draining     Necr           14%        2d7       12%         3

Your spell library contained the following spells:

 Spells                   Type           Power      Damage    Failure   Level
 Poisonous Vapours        Pois/Air       2%         N/A       28%         2
 Mephitic Cloud           Conj/Pois/Air  1%         N/A       50%         3
 Animate Dead             Necr           14%        N/A       36%         4
 Agony                    Necr           14%        N/A       73%         5
 Freezing Cloud           Conj/Ice/Air   0%         6-21      99%         5


Dungeon Overview and Level Annotations

Branches:
Dungeon (3/15)

Altars:
Trog


Innate Abilities, Weirdness & Mutations

You are immune to sickness and miasma.
Your stone body is resilient. (AC +3)
You are immune to poison.
You resist negative energy. (rN+)
You are resistant to electric shocks. (rElec)
You are resistant to unholy torment.
You are immune to petrification.


Message History

Found a bloodstained altar of Trog.
Found a stone staircase leading down.
There is a stone staircase leading down here.
You now have 116 gold pieces (gained 4).
There is a stone staircase leading down here.
Done exploring.
Done exploring.
Done exploring.
Done exploring.
There is a stone staircase leading down here.
You climb downwards.
Found 2 atropa-tipped darts and a scale mail.
There is a stone staircase leading up here.
There are monsters nearby!
There are monsters nearby!
Aim: a hobgoblin (asleep, chance to affect: 84%)
The hobgoblin shouts!
The hobgoblin writhes in agony.
You kill the hobgoblin!
The dead are walking!
Aim: a kobold, wielding a +0 club (chance to affect: 84%)
You miscast Necrotise.
You are very lightly contaminated with residual magic.
Nothing appears to happen.
A rat comes into view.
Aim: a kobold, wielding a +0 club (chance to affect: 84%)
The kobold writhes in agony.
You kill the kobold!
The dead are walking!
You have reached level 4!
You feel stronger.
You can't see any susceptible monsters within range! (Use Z to cast anyway.) Unknown command.
Unknown command.
Aim: a rat (ally target, chance to affect: 84%)
The rat writhes in agony.
You kill the rat!
The dead are walking!
A dart slug comes into view.
Your magical contamination has completely faded away.
Aim: a dart slug (ally target, chance to affect: 84%)
The dart slug writhes in agony.
You can't see any susceptible monsters within range! (Use Z to cast anyway.) Unknown command.
Your kobold skeleton hits the dart slug but does no damage.
The dart slug launches a dart at your kobold skeleton.
The slug dart hits your kobold skeleton.
Your kobold skeleton hits the dart slug but does no damage.
Your kobold skeleton hits the dart slug.
The dart slug bites your kobold skeleton.
Your rat skeleton bites the dart slug.
Your kobold skeleton hits the dart slug but does no damage.
The dart slug bites your rat skeleton.
Your hobgoblin skeleton hits the dart slug.
The dart slug dies!
Your hobgoblin skeleton crumbles into dust!
Your rat skeleton crumbles into dust!
Your kobold skeleton crumbles into dust!
f - 2 atropa-tipped darts A frilled lizard comes into view.
A frilled lizard is nearby!
A frilled lizard is nearby!
The frilled lizard hisses angrily.
Aim: a frilled lizard (chance to affect: 84%)
The frilled lizard writhes in agony.
You kill the frilled lizard!
You can't see any susceptible monsters within range! (Use Z to cast anyway.) Unknown command.
You now have 129 gold pieces (gained 13).
Could not explore, unopened door.
Could not explore, unopened door.
Could not explore, unopened door.
You open the door.
There is an open door here.
Your frilled lizard skeleton crumbles into dust!
There is an open door here. 2 kobolds come into view.
Found 13 gold pieces.
The kobold shouts!
There are monsters nearby!
There are monsters nearby!
There are monsters nearby!
Aim: a kobold, wielding a +0 club (asleep, chance to affect: 84%)
The kobold writhes in agony.
Aim: a kobold, wielding a +0 club (moderately wounded, chance to affect: 84%)
The kobold barely resists.
Aim: a kobold, wielding a +0 club (moderately wounded, chance to affect: 84%)
The kobold writhes in agony.
You kill the kobold!
The dead are walking!
Aim: a kobold, wielding a +0 short sword (ally target, chance to affect: 84%)
The kobold writhes in agony.
Aim: a kobold, wielding a +0 short sword (severely wounded, ally target, chance to affect: 84%)
The kobold writhes in agony.
You kill the kobold!
The dead are walking!
Your kobold skeleton crumbles into dust!
Your kobold skeleton crumbles into dust!
Found a stone staircase leading up.
You now have 146 gold pieces (gained 17).
You now have 152 gold pieces (gained 6).
You now have 165 gold pieces (gained 13).
Found a leather armour.
You see here a +0 leather armour.
You see here a +0 leather armour.
Found a whip.
You see here a +0 whip.
An endoplasm comes into view.
An endoplasm is nearby!
An endoplasm is nearby!
You see here a +0 whip.
s - a +0 whip
s - a +0 whip (weapon)
The endoplasm quivers.
An endoplasm is nearby!
An endoplasm is nearby!
A jelly comes into view.
Aim: an endoplasm (chance to affect: 84%)
The endoplasm writhes in agony.
The jelly quivers.
Aim: an endoplasm (heavily wounded, chance to affect: 84%)
The endoplasm writhes in agony.
You kill the endoplasm!
Aim: a jelly (chance to affect: 78%)
The jelly writhes in agony.
The jelly barely misses you.
Aim: a jelly (moderately wounded, chance to affect: 78%)
The jelly writhes in agony.
The jelly hits you.
You are splashed with acid!
Aim: a jelly (heavily wounded, chance to affect: 78%)
The jelly writhes in agony.
The jelly hits you but does no damage.
Aim: a jelly (heavily wounded, chance to affect: 78%)
The jelly writhes in agony.
The jelly barely misses you.
Aim: a jelly (severely wounded, chance to affect: 78%)
You miscast Necrotise.
You are very lightly contaminated with residual magic.
Nothing appears to happen.
The jelly hits you but does no damage.
You hit the jelly but do no damage.
Your hands burn!
* * * LOW HITPOINT WARNING * * *
The jelly hits you.
* * * LOW HITPOINT WARNING * * *
The acid corrodes you!
You are splashed with acid.
* * * LOW HITPOINT WARNING * * *
Okay, then.
Throw: 2 darts (atropa)
Aim: a jelly (severely wounded, 89% to hit, chance to blind on hit: 83%)
You throw an atropa-tipped dart. The atropa-tipped dart hits the jelly.
The jelly resists.
The jelly hits you.
* * * LOW HITPOINT WARNING * * *
The acid corrodes you!
You are splashed with acid.
You die...

......... ##....... .
.......... #.......# ..
...........#.......# ..#
.......#...........# ...#
.##.#### ..........#.....
..#.####. #.#..#.........
......... #..............
#.#.####.####..#J####...#
#.######.......#@####...#
........................
#.##############.####...
........................
#.##############.#####..
#.# #.# #.# #.# #.# #.#
#.# #..


You could see a jelly.

Vanquished Creatures
  2 adders (D:2)
  2 worms (D:2)
  A dart slug (D:1)
  5 bats
  4 endoplasms
  3 giant cockroaches (D:1)
  2 goblins
  3 hobgoblins
  6 kobolds
  2 ball pythons (D:1)
  2 frilled lizards
  3 rats
35 creatures vanquished.

Vanquished Creatures (collateral kills)
  A dart slug (D:3)
  A ball python (D:1)
2 creatures vanquished.

Grand Total: 37 creatures vanquished

Notes
Turn   | Place    | Note
-------+----------+-------------------------------------------
     0 | D:1      | CryoSword the Gargoyle Necromancer began the quest for the
                  | Orb.
     0 | D:1      | Reached XP level 1. HP: 10/10 MP: 3/3
   419 | D:1      | Reached skill level 1 in Fighting
   419 | D:1      | Reached XP level 2. HP: 16/16 MP: 0/5
  1411 | D:2      | Reached XP level 3. HP: 21/21 MP: 1/6
  1600 | D:2      | Learned a level 3 spell: Vampiric Draining
  1720 | D:2      | Reached skill level 1 in Shields
  2240 | D:2      | Found a bloodstained altar of Trog.
  2355 | D:3      | Reached XP level 4. HP: 26/26 MP: 3/7
  2624 | D:3      | Splashed by a jelly's acid

Illustrated notes

Levels and vault maps discovered:
D:1:      scummos_arrival_simple_fountains, layout_loops_corners,
          nicolae_kite_square_tiling_tiny, minmay_surrounded
D:2:      layout_basic, serial_curves, eino_curves_03, eino_curves_03,
          basic_altar, lightli_corner_chamber
D:3:      layout_basic, amcnicky_altar_gilded

Skill      XL: |  1  2  3 |
---------------+----------+-----
Fighting       | 1 2 |  2.3
Shields        | 1 |  1.5
Dodging        | |  1.5
Stealth        | |  2.1
Spellcasting   | |  2.0
Necromancy     | |  3.8

Action                     |  1- 3 |  4- 6 || total
---------------------------+-------+-------++-------
  Melee: Unarmed           |    19 |       ||    19
         Short sword       |    19 |       ||    19
         Mace              |     6 |       ||     6
         Whip              |       |     1 ||     1
  Throw: Dart              |       |     1 ||     1
   Cast: Necrotise         |    70 |    14 ||    84
 Armour: Robe              |    40 |     2 ||    42
  Dodge: Dodged            |    57 |     2 ||    59

Table legend: (Time is in decaauts)
 A = Elapsed time spent in this place.
 B = Non-inter-level travel time spent in this place.
 C = Inter-level travel time spent in this place.
 D = Time resting spent in this place.
 E = Time spent auto-exploring this place.
 F = Levels seen in this place.
 G = Mean time per level.
                   A        B        C        D        E       F      G
               +--------+--------+--------+--------+--------+-----+--------+
         Total |   2626 |   2547 |     79 |     65 |   2086 |   3 |  875.3 |
       Dungeon |   2626 |   2547 |     79 |     65 |   2086 |   3 |  875.3 |
               +--------+--------+--------+--------+--------+-----+--------+

Top non-repeatable levels by time:
     D:2: 1325 daAuts
     D:1: 1028 daAuts
     D:3: 272 daAuts
